 Dungeon Crawl Stone Soup version 0.27-a0-1503-g3203f14 (webtiles) character file.

Game seed: 14628726272978672481

123681 ChanningTatum the Severer (level 16, 0/152 HPs)
             Began as a Minotaur Berserker on July 6, 2021.
             Was the Champion of Trog.
             Killed from afar by a will-o-the-wisp (23 damage)
             ... with a foxfire
             ... on level 1 of the Swamp on July 8, 2021.
             The game lasted 02:58:16 (31532 turns).

ChanningTatum the Severer (Minotaur Berserker)     Turns: 31532, Time: 02:58:17

Health: 0/152      AC: 13    Str: 30    XL:     16   Next: 37%
Magic:  15/15      EV: 19    Int:  5    God:    Trog [******]
Gold:   3094       SH: 22    Dex: 17    Spells: 15/15 levels left

rFire    . . .     SeeInvis .   x - +4 war axe (vorpal)
rCold    + . .     Faith    .   Z - +0 tower shield
rNeg     . . .     Spirit   .   B - +3 ring mail {Will+}
rPois    .         Reflect  .   Y - +1 hat
rElec    .         Harm     .   I - scarf {repulsion}
rCorr    .         Rampage  .   b - +0 pair of gloves {Str+3}
Will     ++...                  (no boots)
Stlth    +.........             e - amulet of Butas {Acrobat rC+}
HPRegen  0.35/turn              d - +6 ring of dexterity
MPRegen  0.14/turn              y - +4 ring of evasion

@: repel missiles
A: horns 2, retaliatory headbutt
a: Renounce Religion, Berserk, Trog's Hand, Brothers in Arms


You were on level 1 of the Swamp.
You worshipped Trog.
Trog was exalted by your worship.
You visited 5 branches of the dungeon, and saw 25 of its levels.
You also visited: Gauntlet.

You collected 3094 gold pieces.

Inventory:

Hand Weapons
 m - a +4 dagger of flaming
 p - the +10 broad axe of Lummim {freeze, Drain rF+++ Int-5 Stlth+}
   (You acquired it on level 5 of the Lair of Beasts)

   It has been specially enchanted to freeze those struck by it, causing extra
   injury to most foes and up to half again as much damage against particularly
   susceptible opponents.
   It can also slow down cold-blooded creatures.
   Int:       It affects your intelligence (-5).
   rF:        It renders you almost immune to fire.
   Drain:     It drains your maximum health when unequipped.
   Stlth:     It makes you more stealthy.
 x - a +4 vorpal war axe (weapon)
Missiles
 n - 4 curare-tipped darts
 R - 12 atropa-tipped darts (quivered)
Armour
 b - a +0 pair of gloves of strength (worn)
 t - a +1 ring mail of fire resistance
 B - a +3 ring mail of willpower (worn)
 D - +0 acid dragon scales
 I - a scarf of repulsion (worn)
 O - a +2 chain mail of poison resistance
 Y - a +1 hat (worn)
 Z - a +0 tower shield (worn)
Jewellery
 c - the amulet "Nyept" {Faith rF+ MP+9 Str-3}
   (You acquired it on level 1 of the Orcish Mines)

   [amulet of faith]

   It allows you to gain divine favour quickly.
   Str:       It affects your strength (-3).
   rF:        It protects you from fire.
   MP:        It affects your magic capacity (+9).
 d - a +6 ring of dexterity (left hand)
 e - the amulet of Butas (around neck) {Acrobat rC+}
   (You found it on level 10 of the Dungeon)

   [amulet of the acrobat]

   It increases your evasion while moving and waiting.
   rC:        It protects you from cold.
 g - a ring of see invisible
 s - a ring of flight
 y - a +4 ring of evasion (right hand)
 z - an amulet of reflection
 G - the ring of Jarim {Ice Drain Dex+6 Slay+2}
   (You acquired it on level 1 of the Orcish Mines)

   [ring of ice]

   It enhances your ice magic.
   Dex:       It affects your dexterity (+6).
   Slay:      It affects your accuracy & damage with ranged weapons and melee
   (+2).
   rF:        It makes you vulnerable to fire.
   rC:        It protects you from cold.
   Drain:     It drains your maximum health when unequipped.
 U - a ring of protection from cold
Wands
 l - a wand of mindburst (25)
 r - a wand of iceblast (18)
 u - a wand of polymorph (37)
 A - a wand of paralysis (23)
 K - a wand of digging (10)
Scrolls
 i - 2 scrolls of brand weapon
 j - 5 scrolls of enchant armour
 k - a scroll of identify
 o - 3 scrolls of fog
 v - 3 scrolls of silence
 w - 12 scrolls of teleportation
 C - 5 scrolls of blinking
 F - 2 scrolls of magic mapping
 H - 2 scrolls of holy word
 J - 3 scrolls of fear
 T - a scroll of summoning {unknown}
 W - a scroll of vulnerability {unknown}
 X - 4 scrolls of noise {unknown}
Potions
 a - 3 potions of cancellation {unknown}
 h - 4 potions of attraction
 q - 14 potions of curing
 L - a potion of might {unknown}
 M - 4 potions of magic {unknown}
 N - 3 potions of invisibility
 P - 2 potions of haste {unknown}
 Q - 5 potions of ambrosia
 V - a potion of heal wounds
Miscellaneous
 f - a condenser vane
 S - a phantom mirror


   Skills:
 + Level 16.6 Fighting
 - Level 5.5 Short Blades
 - Level 18.0 Axes
 - Level 0.1 Throwing
 + Level 13.1 Armour
 + Level 10.3 Dodging
 - Level 1.9 Stealth
 + Level 15.1 Shields
 * Level 6.2 Evocations


You had 15 spell levels left.
You didn't know any spells.
Your spell library contained the following spells:

 Spells                   Type           Power      Damage    Failure   Level
 Portal Projectile        Hex/Tloc       0%         N/A       100%        3
 Blade Hands              Tmut           0%         N/A       100%        5
 Excruciating Wounds      Necr           0%         N/A       100%        5


Dungeon Overview and Level Annotations

Branches:
Dungeon (15/15)            Temple (1/1) D:5            Lair (6/6) D:8
  Swamp (1/4) Lair:4       Spider (0/4) Lair:4        Slime (0/5) Lair:6
    Orc (2/2) D:10            Elf (0/3) Orc:2        Vaults (0/5) D:14
 Depths (0/5) D:15        Gauntlet (visited)

Altars:
Ashenzari
Cheibriados
Fedhas
Hepliaklqana
Kikubaaqudgha
Makhleb
Qazlal
Ru
Trog
Vehumet
Wu Jian
Xom
Zin
Beogh
Jiyva

Shops:
D:6 **   Orc:2 [*:(

Annotations:
D:13 RazingBull's ghost, journeyman MiFi


Innate Abilities, Weirdness & Mutations

You have a pair of horns on your head.
You reflexively headbutt those who attack you in melee.


Message History

The will-o-the-wisp partially resists.
The will-o-the-wisp is moderately damaged.
The iceblast engulfs the foxfire!!
The foxfire is lightly damaged.
The iceblast engulfs the foxfire!!
The foxfire is lightly damaged.
The foxfire hits you! The foxfire hits you!!
You hit the will-o-the-wisp. You headbutt the will-o-the-wisp.
The will-o-the-wisp is heavily damaged.
The will-o-the-wisp blinks!
The will-o-the-wisp gestures.
The will-o-the-wisp conjures some foxfire! 2 foxfires come into view.
The foxfire moves out of view. x2
You enter the shallow water.
Moving in this stuff is going to be slow.
The will-o-the-wisp gestures.
The will-o-the-wisp conjures some foxfire!
A foxfire comes into view.
The foxfire hits you!!
The will-o-the-wisp gestures.
The will-o-the-wisp conjures some foxfire!
The foxfire moves out of view.
A foxfire comes into view. x2
The foxfire dissipates!
You enter the shallow water.
Moving in this stuff is going to be slow.
The will-o-the-wisp gestures.
The will-o-the-wisp conjures some foxfire! 2 foxfires come into view.
The foxfire hits you. The foxfire hits you!
The will-o-the-wisp gestures.
The will-o-the-wisp conjures some foxfire! 2 foxfires come into view.
There is a staircase back to the Lair here.
The foxfire hits you!!
* * * LOW HITPOINT WARNING * * *
The foxfire hits you!!
You die...

♣♣.≈≈≈♣♣♣...≈♣.≈
♣♣.≈.≈≈..♣♣≈..
♣♣.≈≈≈.≈≈≈≈..♣
♣.≈≈≈≈.≈≈.§§.♣
♣.≈§≈§§.§≈:..♣
♣♣♣♣♣♣♣≈≈≈≈v§§.♣♣♣♣♣
♣...........§≈.♣
...≈≈≈......v.♣♣
...≈≈≈≈≈≈≈≈.@.♣
...§≈≈≈≈≈≈≈..≈♣
♣♣♣≈....≈≈≈..♣♣
♣♣♣♣♣≈...♣♣♣ ♣♣♣♣♣♣


You could see a will-o-the-wisp.

Vanquished Creatures
  Gastronok (Lair:2)
  Kirke (Lair:6)
  The ghost of Roitt the Fighter, a journeyman MiBe of Trog (D:13)
  An orc warlord (Orc:1)
  The ghost of Ynuleepoca the Fencer, a journeyman MiFi of the Shining One (D:13)
  The ghost of Ynuleepoca the Fencer, a journeyman MiFi of the Shining One (D:12)
  A minotaur (Gauntlet)
  3 ettins
  The ghost of RosaLia the Grappler, a journeyman TrBe of Trog (D:13)
  2 boulder beetles
  7 hydras
  A ghost crab (Swamp:1)
  2 ogre magi
  The ghost of PidgeyThePirate the Cleaver, a journeyman DsFi of Uskayaw (D:12)
  A death knight (D:12)
  Harold (Lair:2)
  13 two-headed ogres
  4 catoblepae
  9 centaur warriors
  8 death yaks
  2 tengu warriors
  A two-headed ogre (shapeshifter) (Gauntlet)
  Urug (Orc:1)
  The ghost of Caerwyn the Destroyer, a journeyman VSCj of Gozag (D:13)
  An orc high priest (Orc:2)
  Nergalle (Orc:2)
  Sonja (D:13)
  2 skeletal warriors
  2 deep trolls (D:15)
  A bog body (Swamp:1)
  A deep elf archer (D:14)
  5 orc knights
  A phantasmal warrior (D:12)
  A necromancer (D:15)
  2 wizards
  2 orc sorcerers
  A deep elf zephyrmancer (D:14)
  6 cyclopes
  A wolf spider (D:13)
  2 deep elf pyromancers
  7 manticores
  10 ugly things
  17 elephants
  4 black mambas
  A torpor snail (Lair:4)
  13 cane toads
  2 gargoyles
  2 unseen horrors (D:10)
  A rime drake (shapeshifter) (Gauntlet)
  3 rime drakes
  2 freezing wraiths (D:12)
  A minotaur zombie (Gauntlet)
  A yaktaur (D:13)
  2 efreet
  A kobold demonologist (D:11)
  7 komodo dragons
  3 tengu conjurers
  A meliai (shapeshifter) (Gauntlet)
  A queen bee (D:12)
  3 trolls
  3 polar bears
  A tyrant leech (Swamp:1)
  2 hornets (Gauntlet)
  Prince Ribbit (D:7)
  18 blink frogs
  3 slime creatures (D:12)
  4 dream sheep (Lair:6)
  60 yaks
  A vampire (D:11)
  3 redbacks
  3 shadows
  3 wyverns
  A wraith (D:11)
  5 basilisks
  A hog (Lair:6)
  10 vampire mosquitoes
  2 steam dragons
  5 wargs
  2 acid dragons
  Menkaure (D:5)
  18 water moccasins
  5 black bears
  4 sky beasts
  36 orc warriors
  An ice beast (D:7)
  A necrophage (D:5)
  26 wolves
  4 boggarts (D:15)
  18 centaurs
  10 ogres
  2 phantoms
  12 bullfrogs
  Blork the orc (Orc:2)
  2 gnoll sergeants
  3 scorpions
  5 wights (D:7)
  14 killer bees
  An electric eel (Lair:6)
  4 howler monkeys
  6 centaur zombies
  A bullfrog zombie (D:6)
  2 jellies
  28 orc priests
  3 centaur skeletons
  A gnoll shaman (D:6)
  A bullfrog skeleton (D:5)
  An iguana (D:5)
  Terence (D:2)
  25 orc wizards
  2 killer bee zombies
  A hound skeleton (D:5)
  23 gnolls
  12 adders
  A shadow imp (D:8)
  An adder skeleton (D:4)
  3 worms
  2 dart slugs
  77 orcs
  6 ball pythons
  7 bats
  4 endoplasms
  3 giant cockroaches (D:1)
  4 goblins
  11 hobgoblins
  5 jackals
  7 kobolds
  A quokka (D:4)
  A ball python skeleton (D:3)
  3 frilled lizards
  6 rats
722 creatures vanquished.

Vanquished Creatures (collateral kills)
  A fire dragon (D:13)
  An ogre mage (D:13)
  2 hydras
  A glowing orange brain (D:13)
  4 oklob plants (Lair:3)
  A centaur zombie (D:11)
  A cane toad (shapeshifter) (D:13)
  A troll (D:13)
  An acid dragon (D:10)
  An orc warrior (Orc:1)
  2 bullfrogs (Lair:3)
  An orc priest (Orc:1)
  2 orcs
19 creatures vanquished.

Vanquished Creatures (others)
  The ghost of Taxman66 the Tainter, a journeyman OpVM of Ashenzari (D:13)
  3 humans (Lair:6)
  A wolf (Lair:6)
  23 demonic plants (Gauntlet)
  13 foxfires (Swamp:1)
  67 fungi
  81 plants
189 creatures vanquished.

Grand Total: 930 creatures vanquished

Notes
Turn   | Place    | Note
-------+----------+-------------------------------------------
     0 | D:1      | ChanningTatum the Minotaur Berserker began the quest for
                  | the Orb.
     0 | D:1      | Reached XP level 1. HP: 19/19 MP: 0/0
   141 | D:1      | Reached skill level 4 in Axes
   141 | D:1      | Reached XP level 2. HP: 26/27 MP: 1/1
   215 | D:1      | Found a faded altar of an unknown god.
   863 | D:2      | Noticed Terence
   878 | D:2      | Killed Terence
   879 | D:2      | Reached XP level 3. HP: 34/34 MP: 2/2
  1004 | D:2      | Reached skill level 5 in Axes
  1004 | D:2      | Reached XP level 4. HP: 28/41 MP: 3/3
  1006 | D:2      | Reached ** piety under Trog
  1008 | D:2      | Reached XP level 5. HP: 32/47 MP: 4/4
  1602 | D:2      | Reached skill level 6 in Axes
  1629 | D:2      | Reached skill level 5 in Fighting
  1770 | D:3      | Reached XP level 6. HP: 55/56 MP: 5/5
  2256 | D:3      | Reached *** piety under Trog
  2315 | D:3      | Reached skill level 1 in Short Blades
  2852 | D:4      | Found a radiant altar of Vehumet.
  3037 | D:4      | Found a shimmering altar of Xom.
  3068 | D:4      | Identified the +0 scale mail of Fun and Games {Harm Int+4}
  3288 | D:4      | Reached XP level 7. HP: 49/61 MP: 6/6
  3902 | D:5      | Entered Level 5 of the Dungeon
  4124 | D:5      | Reached skill level 5 in Armour
  4412 | D:5      | Reached skill level 5 in Short Blades
  4471 | D:5      | Found a staircase to the Ecumenical Temple.
  4480 | Temple   | Entered the Ecumenical Temple
  4552 | D:5      | Reached XP level 8. HP: 70/70 MP: 7/7
  4737 | D:5      | Noticed Menkaure
  4742 | D:5      | Killed Menkaure
  4958 | D:5      | Reached skill level 7 in Axes
  5403 | D:6      | Reached **** piety under Trog
  5829 | D:6      | Reached XP level 9. HP: 69/78 MP: 8/8
  6018 | D:6      | Reached skill level 8 in Axes
  6086 | D:6      | Found Ystre's Assorted Antiques.
  6644 | D:6      | Found Qaorruk's Serpentskin Sales.
  6932 | D:7      | Reached skill level 9 in Axes
  7290 | D:7      | Reached skill level 10 in Axes
  7290 | D:7      | Reached skill level 5 in Shields
  7575 | D:7      | Noticed Prince Ribbit
  7589 | D:7      | Killed Prince Ribbit
  7590 | D:7      | Reached XP level 10. HP: 58/86 MP: 9/9
  7921 | D:8      | Found a burning altar of Makhleb.
  8162 | D:8      | Found an ornate altar of the Wu Jian Council.
  8248 | D:8      | Found a sacrificial altar of Ru.
  8251 | D:8      | Noticed a centaur warrior
  8567 | D:9      | Reached skill level 11 in Axes
  8635 | D:9      | Noticed a two-headed ogre
  8714 | D:10     | Entered Level 10 of the Dungeon
  8789 | D:10     | Noticed a boulder beetle
  8801 | D:10     | Killed a boulder beetle
  8802 | D:10     | Reached skill level 1 in Evocations
  8986 | D:10     | Noticed a two-headed ogre
  9104 | D:10     | Killed a two-headed ogre
  9179 | D:9      | Killed a two-headed ogre
  9180 | D:9      | Reached skill level 12 in Axes
  9353 | D:8      | Killed a centaur warrior
  9354 | D:8      | Reached XP level 11. HP: 64/94 MP: 10/10
  9540 | D:8      | Noticed a two-headed ogre
  9572 | D:8      | Reached skill level 10 in Armour
  9574 | D:8      | Killed a two-headed ogre
  9687 | D:8      | Upgraded the game from 0.27-a0-1467-g0648b93 to
                  | 0.27-a0-1500-g450c7e4
  9841 | D:8      | Found a staircase to the Lair.
  9949 | Lair:1   | Entered Level 1 of the Lair of Beasts
 10117 | Lair:1   | Reached skill level 13 in Axes
 10466 | Lair:1   | Reached ***** piety under Trog
 10512 | Lair:1   | Found a stormy altar of Qazlal.
 10537 | Lair:1   | Found a frozen archway.
 10540 | Lair:1   | You fall into a shaft and drop 1 floor!
 10541 | Lair:2   | Found a gate leading to a gauntlet.
 10563 | Gauntlet | Entered a Gauntlet
 10563 | Gauntlet | Found a transporter.
 10569 | Gauntlet | Noticed a catoblepas
 10584 | Gauntlet | Noticed a death drake
 10584 | Gauntlet | a tarantella changed into a death drake
 10601 | Gauntlet | a death drake changed into a cyclops
 10605 | Gauntlet | Noticed a two-headed ogre
 10605 | Gauntlet | a snapping turtle changed into a two-headed ogre
 10619 | Gauntlet | Noticed a mana viper
 10619 | Gauntlet | a cyclops changed into a mana viper
 10638 | Gauntlet | Noticed a spark wasp
 10638 | Gauntlet | a two-headed ogre changed into a spark wasp
 10642 | Gauntlet | a mana viper changed into a water nymph
 10643 | Gauntlet | Noticed a great orb of eyes
 10643 | Gauntlet | a spark wasp changed into a great orb of eyes
 10671 | Gauntlet | Found a transporter.
 10683 | Gauntlet | Found a transporter.
 10690 | Gauntlet | Found a transporter.
 10714 | Gauntlet | Found a transporter.
 10729 | Gauntlet | Noticed an acid blob
 10731 | Gauntlet | Found a transporter.
 10733 | Gauntlet | Noticed an iron troll
 10741 | Gauntlet | Noticed a thrashing horror
 10743 | Gauntlet | Found a transporter.
 10744 | Gauntlet | Noticed a fenstrider witch
 10744 | Gauntlet | an iron troll changed into a fenstrider witch
 10744 | Gauntlet | Noticed a thrashing horror
 10748 | Gauntlet | Noticed a glowing orange brain
 10748 | Gauntlet | an elephant changed into a glowing orange brain
 10748 | Gauntlet | Noticed a dire elephant
 10748 | Gauntlet | a fenstrider witch changed into a dire elephant
 10752 | Gauntlet | Noticed a great orb of eyes
 10753 | Gauntlet | Noticed a green ugly thing
 10754 | Gauntlet | Noticed a red ugly thing
 10755 | Gauntlet | Found a transporter.
 10773 | Gauntlet | Found a transporter.
 10785 | Gauntlet | Found a transporter.
 10787 | Gauntlet | Noticed a death yak
 10788 | Gauntlet | Noticed a death yak
 10789 | Gauntlet | Noticed a death yak
 10802 | Gauntlet | Found a transporter.
 10820 | Gauntlet | Found a transporter.
 10822 | Gauntlet | Found a transporter.
 10822 | Gauntlet | Noticed a great orb of eyes
 10825 | Gauntlet | Noticed a sea snake
 10832 | Gauntlet | Noticed a mana viper
 10835 | Gauntlet | Noticed an alligator
 10835 | Gauntlet | a great orb of eyes changed into an alligator
 10865 | Gauntlet | Found a transporter.
 10865 | Gauntlet | Found a transporter.
 10867 | Gauntlet | Found a transporter.
 10892 | Gauntlet | Noticed a glowing orange brain
 10894 | Gauntlet | Found a transporter.
 10894 | Gauntlet | Found a transporter.
 10908 | Gauntlet | Killed a catoblepas
 10909 | Gauntlet | Reached skill level 14 in Axes
 10922 | Gauntlet | an alligator changed into something unseen
 10932 | Gauntlet | Noticed a fire crab
 10932 | Gauntlet | a komodo dragon changed into a fire crab
 10936 | Gauntlet | a glowing orange brain changed into a merfolk
 10965 | Gauntlet | a fire crab changed into a troll
 10970 | Gauntlet | Noticed a wolf spider
 10970 | Gauntlet | a merfolk changed into a wolf spider
 10975 | Gauntlet | Noticed an alligator
 10976 | Gauntlet | Noticed a wolf spider
 10976 | Gauntlet | an alligator changed into a wolf spider
 11003 | Gauntlet | Noticed a great orb of eyes
 11003 | Gauntlet | a wolf spider changed into a great orb of eyes
 11014 | Gauntlet | a wolf spider changed into a slime creature
 11029 | Gauntlet | Noticed a sea snake
 11029 | Gauntlet | a great orb of eyes changed into a sea snake
 11031 | Gauntlet | Noticed a satyr
 11031 | Gauntlet | a slime creature changed into a satyr
 11034 | Gauntlet | Noticed an orb spider
 11034 | Gauntlet | a yaktaur changed into an orb spider
 11043 | Gauntlet | Noticed an ice dragon
 11043 | Gauntlet | a satyr changed into an ice dragon
 11053 | Gauntlet | Noticed a storm dragon
 11053 | Gauntlet | an ice dragon changed into a storm dragon
 11065 | Gauntlet | Noticed a catoblepas
 11065 | Gauntlet | a storm dragon changed into a catoblepas
 11076 | Gauntlet | Noticed a death yak
 11076 | Gauntlet | a catoblepas changed into a death yak
 11082 | Gauntlet | a sea snake changed into a merfolk
 11122 | Gauntlet | Noticed a deep troll
 11125 | Gauntlet | a deep troll changed into a moth of wrath
 11127 | Gauntlet | Noticed a swamp dragon
 11127 | Gauntlet | a moth of wrath changed into a swamp dragon
 11237 | Gauntlet | Noticed a shining eye
 11237 | Gauntlet | a snapping turtle changed into a shining eye
 11243 | Gauntlet | Noticed a wolf spider
 11243 | Gauntlet | a shining eye changed into a wolf spider
 11255 | Gauntlet | Noticed a two-headed ogre
 11255 | Gauntlet | a wolf spider changed into a two-headed ogre
 11265 | Gauntlet | Reached XP level 12. HP: 103/103 MP: 11/11
 11269 | Gauntlet | Killed a two-headed ogre
 11356 | Gauntlet | Noticed a minotaur
 11368 | Gauntlet | Killed a minotaur
 12022 | Lair:2   | Noticed a six-headed hydra
 12052 | Lair:2   | Reached skill level 15 in Axes
 12101 | Lair:1   | Killed a six-headed hydra
 12102 | Lair:1   | Reached skill level 10 in Shields
 12132 | Lair:1   | Noticed an eight-headed hydra
 12143 | Lair:1   | Killed an eight-headed hydra
 12469 | Lair:1   | Identified the +2 robe "Pismol" {Will+ Dex+5 Stlth-
                  | Archmagi}
 12507 | Lair:2   | Noticed Gastronok
 12524 | Lair:2   | Killed Gastronok
 12525 | Lair:2   | Reached skill level 1 in Stealth
 12605 | Lair:2   | Reached skill level 5 in Evocations
 12841 | Lair:2   | Noticed Harold
 12854 | Lair:2   | Killed Harold
 13437 | Lair:3   | Reached XP level 13. HP: 112/112 MP: 12/12
 13570 | Lair:3   | Received a gift from Trog
 13678 | Lair:3   | Reached skill level 16 in Axes
 13776 | Lair:3   | Reached skill level 10 in Fighting
 14757 | Lair:4   | Found a hole to the Spider Nest.
 15174 | Lair:4   | Reached skill level 17 in Axes
 15570 | Lair:4   | Found a staircase to the Swamp.
 15614 | Lair:4   | Identified the +6 mace "Motre" {pain, rElec}
 17061 | Lair:5   | Identified 3 scrolls of acquirement
 17065 | Lair:5   | Acquired the +10 broad axe of Lummim {freeze, Drain rF+++
                  | Int-5 Stlth+}
 17069 | Lair:5   | Lost intelligence.
 17215 | Lair:6   | Entered Level 6 of the Lair of Beasts
 17234 | Lair:6   | Reached XP level 14. HP: 72/98 MP: 13/13
 17236 | Lair:6   | Received a gift from Trog
 17423 | Lair:6   | Found a staircase to the Slime Pits.
 17423 | Lair:6   | Found a viscous altar of Jiyva.
 17483 | Lair:6   | Noticed Kirke
 17497 | Lair:6   | Killed Kirke
 17724 | Lair:6   | Reached skill level 18 in Axes
 18982 | Lair:6   | Upgraded the game from 0.27-a0-1500-g450c7e4 to
                  | 0.27-a0-1501-g9d6fb14
 20057 | D:9      | Found a stormy altar of Qazlal.
 20186 | D:10     | Received a gift from Trog
 20506 | D:10     | Identified the amulet of Butas {Acrobat rC+}
 20629 | D:10     | Found a broken altar of Ashenzari.
 20729 | D:10     | Reached skill level 5 in Dodging
 20767 | D:10     | Found a staircase to the Orcish Mines.
 21205 | D:11     | Reached skill level 15 in Shields
 22630 | D:12     | Reached XP level 15. HP: 123/134 MP: 14/14
 23358 | D:13     | Found a bloodstained altar of Trog.
 23474 | D:13     | Found a huge runed gate.
 23474 | D:13     | Found a huge runed gate.
 23508 | D:13     | Found a huge runed gate.
 23508 | D:13     | Found a huge runed gate.
 23508 | D:13     | Found a huge runed gate.
 23508 | D:13     | Found a huge runed gate.
 23672 | D:13     | Found a huge runed gate.
 23672 | D:13     | Found a huge runed gate.
 23768 | D:13     | Found a huge runed gate.
 23772 | D:13     | Found a huge runed gate.
 23776 | D:13     | Found a huge runed gate.
 23776 | D:13     | Found a huge runed gate.
 23776 | D:13     | Found a huge runed gate.
 23776 | D:13     | Found a huge runed gate.
 23776 | D:13     | Found a huge runed gate.
 23787 | D:13     | Noticed Sonja
 23789 | D:13     | Found a huge runed gate.
 23789 | D:13     | Found a huge runed gate.
 23789 | D:13     | Found a huge runed gate.
 23789 | D:13     | Found a huge runed gate.
 23789 | D:13     | Found a huge runed gate.
 23792 | D:13     | Killed Sonja
 24180 | D:13     | Noticed Caerwyn's ghost (journeyman VSCj)
 24180 | D:13     | Noticed RazingBull's ghost (journeyman MiFi)
 24180 | D:13     | Noticed RosaLia's ghost (journeyman TrBe)
 24180 | D:13     | Noticed Roitt's ghost (journeyman MiBe)
 24180 | D:13     | Noticed Ynuleepoca's ghost (journeyman MiFi)
 24180 | D:13     | Noticed Ynuleepoca's ghost (journeyman MiFi)
 24182 | D:13     | Noticed Ynuleepoca's ghost (journeyman MiFi)
 24185 | D:13     | Noticed Taxman66's ghost (journeyman OpVM)
 24186 | D:13     | Noticed PidgeyThePirate's ghost (journeyman DsFi)
 24359 | D:12     | Killed Ynuleepoca's ghost
 24904 | D:13     | Killed Taxman66's ghost
 25261 | D:12     | Killed PidgeyThePirate's ghost
 25280 | D:13     | Killed Caerwyn's ghost
 25334 | D:13     | Killed Ynuleepoca's ghost
 25638 | D:13     | Killed RosaLia's ghost
 25672 | D:13     | Killed Roitt's ghost
 26028 | D:14     | Received a gift from Trog
 26552 | D:14     | Reached skill level 15 in Fighting
 26912 | D:14     | Found a gate to the Vaults.
 27089 | D:14     | Upgraded the game from 0.27-a0-1501-g9d6fb14 to
                  | 0.27-a0-1503-g3203f14
 27090 | D:15     | Entered Level 15 of the Dungeon
 27424 | D:15     | Reached XP level 16. HP: 150/150 MP: 15/15
 27671 | D:15     | Received a gift from Trog
 27718 | D:15     | Found a blossoming altar of Fedhas.
 28174 | D:15     | Found a staircase to the Depths.
 28752 | Orc:1    | Entered Level 1 of the Orcish Mines
 29198 | Orc:1    | Noticed Urug
 29217 | Orc:1    | Killed Urug
 29247 | Orc:1    | Acquired the ring of Jarim {Ice Drain Dex+6 Slay+2}
 29250 | Orc:1    | Acquired the amulet "Nyept" {Faith rF+ MP+9 Str-3}
 29489 | Orc:1    | Reached skill level 10 in Dodging
 29501 | Orc:1    | You fall into a shaft and drop 1 floor!
 29501 | Orc:2    | Entered Level 2 of the Orcish Mines
 29501 | Orc:2    | Found a staircase to the Elven Halls.
 29810 | Orc:1    | Found a radiant altar of Vehumet.
 30097 | Orc:2    | Received a gift from Trog
 30224 | Orc:2    | Noticed Blork the orc
 30484 | Orc:2    | Killed Blork the orc
 30598 | Orc:2    | Noticed Nergalle
 30621 | Orc:2    | Killed Nergalle
 30656 | Orc:2    | Reached ****** piety under Trog
 30732 | Orc:2    | Found Quitent's Antique Weapon Boutique.
 30749 | Orc:2    | Found Weshru's Book Boutique.
 30759 | Orc:2    | Found Biepunil's General Store.
 30807 | Orc:2    | Found Wyos's Antique Armour Boutique.
 31446 | Swamp:1  | Entered Level 1 of the Swamp
 31532 | Swamp:1  | Killed from afar by a will-o-the-wisp

Illustrated notes

Levels and vault maps discovered:
D:1:      tarquinn_simple_flora_water_e, layout_basic,
          ebering_ecumenical_altar_sacrificial, st_stairs_7
D:2:      layout_basic, uniq_terence
D:3:      minmay_diamond_boxcup, layout_basic
D:4:      layout_loops_corners, mainiacjoe_overflow_catwalk, xom_teletrap_fun
D:5:      layout_loops_ring, minmay_temple_entry_waves, uniq_menkaure
D:6:      layout_loops_ring, serial_shops, shop, guppyfry_shop_venom
D:7:      layout_rooms, uniq_prince_ribbit1
D:8:      layout_rooms, bloody_makhleb, nicolae_ru_awakened_eye,
          nicolae_overflow_hidden_temple, grunt_lair_entry_orc_guard_hut
D:9:      layout_loops_corners, nicolae_qazlal_eye_of_the_storm
D:10:     layout_roguey, ashenzari_altar_1, erik_orc_3, minmay_joined_circles
D:11:     layout_cave_pools
D:12:     layout_cave_pools, serial_rivers, chequers_serial_rivers_room_a,
          chequers_serial_rivers_micro_a, chequers_serial_rivers_micro_a,
          chequers_serial_rivers_large_a, chequers_serial_rivers_room_a,
          nicolae_looking_at_the_future
D:13:     layout_roguey, gammafunk_ghost_door_vault, minmay_ruined_shrine,
          uniq_sonja
D:14:     layout_roguey, hangedman_vaults_entry_quadrant_bands
D:15:     hangedman_depths_entry_civil_slaughter, layout_basic, fedhas_altar_1
Temple:   regret_index_temple_waves
Lair:1:   layout_misc_corridors, basic_altar, portal_ice_cave_entry_pillars_2
Lair:2:   layout_chaotic_city, gauntlet_entry_generic,
          infiniplex_staircase_pool, uniq_harold, uniq_gastronok
Lair:3:   layout_roguey, minmay_lair_oklob_chamber
Lair:4:   nzn_winding_woodlands_small [nzn_winding_woodlands_5x15_cabin,
          nzn_winding_woodlands_center_pierced_h,
          nzn_winding_woodlands_5x15_lazy_stream], layout_regular_city,
          swamp_mist_pool, spider_nest_entry_webs
Lair:5:   layout_loops_ring
Lair:6:   evilmike_catoblepas_cave, layout_gridlike, slime_altar_1, uniq_kirke
Swamp:1:  layout_basic_swamp, nicolae_swamp_feature_on_the_river_bank
Orc:1:    layout_caves, nicolae_orc_stony_grotto, lemuel_statue_altar, uniq_urug
Orc:2:    grunt_orc_cross, layout_caves

Skill      XL: |  1  2  3  4  5  6  7  8  9 10 11 12 13 14 15 16 |
---------------+-------------------------------------------------+-----
Axes           | 4 5 6 7 10 12 14 15 17 18 | 18.0
Fighting       | 4 5 6 7 8 9 10 12 15 16 | 16.6
Armour         | 3 4 5 8 9 10 11 12 13 | 13.1
Short Blades   | 3 5 |  5.5
Dodging        | 3 4 6 9 10 | 10.3
Shields        | 5 7 9 11 12 15 | 15.1
Evocations     | 2 3 5 6 |  6.2
Stealth        | 1 |  1.9
Throwing       | |  0.1

Action                   |  1- 3 |  4- 6 |  7- 9 | 10-12 | 13-15 | 16-18 || total
-------------------------+-------+-------+-------+-------+-------+-------++-------
Melee: Hand axe          |    54 |     7 |   121 |       |       |       ||   182
       Headbutt          |     9 |    35 |    76 |   103 |   332 |    80 ||   635
       Dagger            |       |   120 |    72 |     8 |    53 |       ||   253
       War axe           |       |       |    76 |   345 |   462 |   289 ||  1172
       Broad axe         |       |       |       |       |   465 |       ||   465
Throw: Dart              |       |       |       |       |     1 |       ||     1
Invok: Berserk           |     2 |       |     7 |    11 |     6 |     2 ||    28
       Trog's Hand       |       |       |     2 |     4 |     7 |       ||    13
       Brothers in Arms  |       |       |       |     1 |     2 |       ||     3
Evoke: Wand              |       |       |       |     4 |     9 |     2 ||    15
       Phantom mirror    |       |       |       |       |     3 |     1 ||     4
       Condenser vane    |       |       |       |       |     2 |       ||     2
  Use: Scroll            |       |     2 |     3 |    11 |    16 |     3 ||    35
       Potion            |       |       |       |     3 |     4 |     1 ||     8
 Stab: Petrifying        |       |       |       |       |     1 |       ||     1
       Sleeping          |       |       |       |       |     3 |       ||     3
       Paralysed         |       |       |       |       |     1 |       ||     1
Armor: Chain mail        |    24 |    68 |    87 |    46 |       |       ||   225
       Plate armour      |       |       |       |    85 |   101 |       ||   186
       Ring mail         |       |       |       |       |    77 |    20 ||    97
Dodge: Dodged            |    16 |    60 |   106 |   172 |   417 |   112 ||   883
       Repelled          |       |       |       |       |     2 |     1 ||     3
Block: Kite shield       |       |       |    77 |   235 |   665 |    83 ||  1060
       Reflection        |       |       |       |       |     5 |       ||     5
       Tower shield      |       |       |       |       |       |    85 ||    85

Table legend: (Time is in decaauts)
 A = Elapsed time spent in this place.
 B = Non-inter-level travel time spent in this place.
 C = Inter-level travel time spent in this place.
 D = Time resting spent in this place.
 E = Time spent auto-exploring this place.
 F = Levels seen in this place.
 G = Mean time per level.
                   A        B        C        D        E       F      G
               +--------+--------+--------+--------+--------+-----+--------+
         Total |  31564 |  30130 |   1434 |      0 |  20398 |  26 | 1214.0 |
       Dungeon |  20037 |  19224 |    813 |      0 |  13364 |  15 | 1335.8 |
        Temple |     41 |     41 |      0 |      0 |      0 |   1 |   41.0 |
          Lair |   8237 |   7714 |    523 |      0 |   5501 |   6 | 1372.8 |
         Swamp |     87 |     87 |      0 |      0 |      0 |   1 |   87.0 |
  Orcish Mines |   2131 |   2033 |     98 |      0 |   1106 |   2 | 1065.5 |
      Gauntlet |   1028 |   1028 |      0 |      0 |    427 |   1 | 1028.0 |
               +--------+--------+--------+--------+--------+-----+--------+

Top non-repeatable levels by time:
    D:12: 2148 daAuts
    D:10: 2047 daAuts
  Lair:4: 1834 daAuts
  Lair:6: 1781 daAuts
     D:6: 1772 daAuts
    D:13: 1603 daAuts
    D:15: 1551 daAuts
     D:9: 1539 daAuts
     D:5: 1429 daAuts
     D:8: 1372 daAuts
  Lair:2: 1289 daAuts
    D:14: 1184 daAuts
  Lair:3: 1128 daAuts
  Lair:1: 1113 daAuts
     D:3: 1099 daAuts
